cohdb
Replays
Latest Replays
All Replays
Popular Replays
Top Player Replays
Match Explorer
How It Works
Community
CoH3 Stats
Reddit
Sign in to upload your games and track your stats! →
Sign in with Steam
Match 42705944
Unlisted
Match 42705944
Overview
Messages
Build Orders
End
Panzerpioneer Squad
Panzergrenadier Squad
Selects Panzerjäger Kommand Battlegroup
250 Light Carrier
Construct Light Support Kompanie
MG34 Team
Combat Half-tracks
Fire Support Elements
Selects Mine Fields
Panzergrenadier Squad
Pak 38 Mechanized Group
Construct Mechanized Kompanie
StuG III D Assault Gun
2.5-tonne Medical Truck
Veteran Squad Leaders
StuG III D Assault Gun
Selects Defensive Positions
Vehicle Survival Package
StuG III D Assault Gun
254 Reconnaissance Tractor
Selects Tank Busters
Selects Crew Shock Tactics
taoyangchen
illerkiller
Elunie
Falcon
Nukepapa
Neverdie
0
0
Comments
sign in to comment!
No comments posted yet!